 Seeded DCSS version 0.31-a0-321-g19405a7a6a (webtiles) character file.

Game seed: 14215367866634240820 (custom seed)

1724 innerfire43 the Changeling (level 8, -1/55 HPs)
             Began as a Demonspawn Shapeshifter on July 17, 2023.
             Slain by Duvessa
             ... wielding a +0 short sword
              (16 damage)
             ... on level 7 of the Dungeon.
             The game lasted 00:11:29 (5495 turns).

innerfire43 the Changeling (DsSh)                   Turns: 5495, Time: 00:11:30

Health: -1/55      AC:  8    Str: 23    XL:     8   Next: 75%
Magic:  8/8        EV: 10    Int: 10    God:
Gold:   285        SH:  0    Dex: 13    Spells: 7/7 levels left

rFire   . .          .
                       - Unarmed
rCold   . . .        (shield currently unavailable)
rNeg    . . .        o - melded +0 crystal plate armour of the Leaf {Str+2 Dex+3}
rPois   .            (helmet currently unavailable)
rElec   .            (cloak currently unavailable)
rCorr   +            (gloves currently unavailable)
SInv    .            (boots currently unavailable)
Will    .....        (no amulet)
Stlth   +            p - ring of resist corrosion
HPRegen 0.29/turn    (no ring)
MPRegen 0.11/turn

%: no passive effects
@: snake-form
A: constrict, reduced hp, large, (large bone plates 1), demonic guardian 2,
condensation shield
a: Begin Untransformation


You were on level 7 of the Dungeon.
You were an enormous anaconda.
You visited 1 branch of the dungeon, and saw 7 of its levels.

You collected 285 gold pieces.

Inventory:

Hand Weapons
 w - a +2 short sword of electrocution
 G - the +1 long sword "Demon's Foe" {pain, *Slow rPois Str-4 Int+5}
   (You found it on level 6 of the Dungeon)

   Str:       It affects your strength (-4).
   Int:       It affects your intelligence (+5).
   rPois:     It protects you from poison.
   *Slow:     It may slow you when you take damage.
Missiles
 f - 5 silver javelins (quivered)
Armour
 a - a +0 animal skin
 e - a +0 chain mail
 k - a +2 helmet
 n - a +0 pair of boots
 o - the +0 crystal plate armour of the Leaf (melded) {Str+2 Dex+3}
   (You acquired it on level 4 of the Dungeon)

   Str:       It affects your strength (+2).
   Dex:       It affects your dexterity (+3).
Jewellery
 p - a ring of resist corrosion (left hand)
 E - a ring of see invisible
 H - a ring of flight
Talismans
 c - a beast talisman
 y - a serpent talisman
Wands
 i - a wand of roots (19)
 s - a wand of polymorph (13)
 u - a wand of mindburst (17)
 B - a wand of paralysis (13)
 D - a wand of quicksilver (17)
Scrolls
 d - 2 scrolls of enchant weapon {unknown}
 g - a scroll of fog {unknown}
 h - a scroll of torment {unknown}
 j - 4 scrolls of enchant armour {unknown}
 l - a scroll of amnesia {unknown}
 m - 6 scrolls of identify {unknown}
 v - a scroll of blinking {unknown}
 z - 2 scrolls of vulnerability {unknown}
 C - a scroll of summoning {unknown}
 F - a scroll of fear {unknown}
Potions
 b - 2 potions of lignification
 q - a potion of berserk rage {unknown}
 r - a potion of degeneration {unknown}
 t - 4 potions of curing
 x - a potion of attraction {unknown}
 A - a potion of haste {unknown}


   Skills:
 - Level 4.3 Fighting
 - Level 3.8 Armour
 - Level 2.5 Dodging
 - Level 5.0 Unarmed Combat
 * Level 6.5 Shapeshifting


You had 7 spell levels left.
You didn't know any spells.
Your spell library contained the following spells:

 Spells                   Type           Power      Damage    Failure   Level
 Apportation              Tloc           0%         N/A       36%         1
 Necrotise                Necr           0%         1d4       36%         1
 Sandblast                Erth           0%         2d4       36%         1
 Summon Small Mammal      Summ           0%         N/A       36%         1
 Passwall                 Tmut/Erth      0%         N/A       50%         2
 Sublimation of Blood     Necr           0%         N/A       50%         2
 Gell's Gravitas          Tloc           0%         N/A       75%         3
 Stone Arrow              Conj/Erth      0%         3d7       75%         3
 Teleport Other           Tloc           0%         N/A       75%         3
 Petrify                  Tmut/Erth      0%         N/A       98%         4
 Irradiate                Conj/Tmut      0%         3d11      100%        5
 Dispersal                Tloc           0%         N/A       100%        6


Dungeon Overview and Level Annotations

Branches:
Dungeon (7/15)             Temple (0/1) D:7

Altars:

Shops:
D:4 [   D:5 *

Annotations:
D:7 Duvessa


Innate Abilities, Weirdness & Mutations

You are an enormous anaconda.
You have a powerful constriction melee attack.
Your maximum health is decreased, since you lack skill for your form.
Your armour is entirely melded.
You are incapable of wielding weapons or throwing items.
((You are partially covered in large bone plates. (SH +4)))
A demonic guardian rushes to your aid.
A meltable shield of frost defends you. (SH +0)


Message History

Duvessa, Sister of Dowan comes into view.
She is wielding a +0 short sword.
Duvessa shouts!
There is an open door here.
There are monsters nearby!
You barely miss Duvessa. Your grab misses Duvessa. Duvessa closely misses you.
You hit Dowan. Your grab misses Dowan.
Dowan is lightly wounded.
You hit Dowan. Your grab misses Dowan.
Dowan is lightly wounded.
You block Dowan's attack. Duvessa hits you with a +0 short sword.
You hit Dowan. Your grab misses Dowan.
Dowan is moderately wounded.
Dowan points at you and mumbles some strange words.
The puff of flame hits you.
Your condensation shield dissipates!
Duvessa barely misses you.
You closely miss Dowan. Your grab misses Dowan.
Dowan is moderately wounded.
Dowan says, "Magic and the sword, together, will defeat you."
Dowan points at you and mumbles some strange words.
The puff of frost hits you! Duvessa hits you but does no damage.
Unknown command.
You hit Dowan. You grab Dowan.
Dowan is moderately wounded.
You constrict Dowan. Dowan hits you with a +0 dagger.
Duvessa hits you with a +0 short sword.
You lash Dowan!
You kill Dowan!
Duvessa weeps, and shakes her weapon.
Duvessa goes berserk!
Duvessa hits you with a +0 short sword. Duvessa hits you with a +0 short sword!
* * * LOW HITPOINT WARNING * * *
Unknown command.
Duvessa barely misses you.
Things that are here:
a +0 dagger; a +0 robe You lash Duvessa!
Your grab misses Duvessa.
Duvessa is moderately wounded.
Duvessa hits you with a +0 short sword!
You die...

...####
#.#..#
...#
####'###
##...#
#.....#
###.#
#.⌠.⌠.#
.#
+..>..+
.
#.⌠.⌠.#
..
#.....#
###'###
#Se.#
##.## .#
.# .# .#
##


You could see Duvessa (berserk).

Vanquished Creatures
  Pikel (D:7)
  A water moccasin (D:5)
  A sky beast (D:5)
  3 black bears
  A phantom (D:5)
  3 scorpions
  Dowan (D:7)
  3 hounds
  2 iguanas
  An orc wizard (D:6)
  3 gnolls (D:2)
  4 adders
  A white imp (D:6)
  2 worms
  2 dart slugs
  9 orcs
  10 endoplasms
  7 giant cockroaches
  9 goblins
  6 hobgoblins
  6 jackals (D:1)
  5 kobolds
  10 quokkas
  10 ball pythons
  5 bats
  5 frilled lizards
  4 rats
115 creatures vanquished.

Vanquished Creatures (collateral kills)
  A hound (D:5)
  An orc priest (D:3)
  Ijyb (D:4)
  Terence (D:3)
  An iguana (D:5)
  A gnoll (D:2)
  3 orcs
  A kobold (D:4)
10 creatures vanquished.

Grand Total: 125 creatures vanquished

Notes
Turn   | Place    | Note
-------+----------+-------------------------------------------
     0 | D:1      | innerfire43 the Demonspawn Shapeshifter began the quest for
                  | the Orb.
     0 | D:1      | Reached XP level 1. HP: 16/16 MP: 1/1
   276 | D:1      | Gained mutation: A weak demonic guardian rushes to your
                  | aid. [demonic ancestry]
   276 | D:1      | Reached XP level 2. HP: 20/22 MP: 2/2
   499 | D:1      | Reached skill level 3 in Shapeshifting
   499 | D:1      | Reached XP level 3. HP: 15/27 MP: 3/3
  1025 | D:2      | Reached skill level 1 in Armour
  1134 | D:2      | Gained mutation: A demonic guardian rushes to your aid.
                  | [demonic ancestry]
  1134 | D:2      | Reached XP level 4. HP: 9/34 MP: 4/4
  1608 | D:3      | Noticed Terence
  1622 | D:3      | Killed Terence
  1623 | D:3      | Reached XP level 5. HP: 12/39 MP: 5/5
  2607 | D:4      | Found Junwutirr's Armour Shoppe.
  2739 | D:4      | Noticed Ijyb
  2773 | D:4      | Killed Ijyb
  3061 | D:4      | Noticed a black bear
  3074 | D:4      | Killed a black bear
  3075 | D:4      | Reached XP level 6. HP: 32/47 MP: 6/6
  3641 | D:4      | Reached skill level 4 in Shapeshifting
  3897 | D:4      | Identified a scroll of acquirement
  3897 | D:4      | Acquired the +0 crystal plate armour of the Leaf {Str+2
                  | Dex+3}
  3988 | D:5      | Entered Level 5 of the Dungeon
  4097 | D:5      | Gained mutation: A meltable shield of frost defends you.
                  | (SH +0) [demonic ancestry]
  4097 | D:5      | Reached XP level 7. HP: 48/52 MP: 7/7
  4856 | D:5      | Found Ucuimn's Serpentskin Sales.
  4867 | D:5      | Gained mutation: You are partially covered in large bone
                  | plates. (SH +4) [demonic ancestry]
  4867 | D:5      | Reached XP level 8. HP: 52/60 MP: 8/8
  5030 | D:6      | Reached skill level 5 in Unarmed Combat
  5109 | D:6      | Identified the +1 long sword "Demon's Foe" {pain, *Slow
                  | rPois Str-4 Int+5}
  5142 | D:6      | Reached skill level 5 in Shapeshifting
  5439 | D:7      | Noticed Pikel
  5451 | D:7      | Killed Pikel
  5452 | D:7      | Reached skill level 6 in Shapeshifting
  5477 | D:7      | Found a staircase to the Ecumenical Temple.
  5485 | D:7      | Noticed Dowan
  5486 | D:7      | Noticed Duvessa
  5493 | D:7      | Killed Dowan
  5495 | D:7      | Slain by Duvessa

Illustrated notes

Levels and vault maps discovered:
D:1:      dpeg_arrival_castle, layout_basic, serial_forest,
          infiniplex_forest_straight_2, infiniplex_forest_straight_3,
          infiniplex_forest_clump_double, infiniplex_forest_lined_1,
          infiniplex_forest_clump_small, infiniplex_forest_straight_2,
          infiniplex_forest_lined_3_way
D:2:      layout_rooms
D:3:      layout_basic, general_overflow_altar, uniq_terence
D:4:      minmay_chambers_of_fours, layout_loops_ring, gup_sewer_entry_pipe,
          serial_shops, shop, uniq_ijyb
D:5:      layout_basic, guppyfry_shop_venom
D:6:      layout_rooms
D:7:      layout_rooms, minmay_temple_entry_hall, serial_shops,
          nicolae_shop_overgrown_old_shop, uniq_pikel, uniq_maggie, uniq_duvessa

Skill      XL: |  1  2  3  4  5  6  7  8 |
---------------+-------------------------+-----
Unarmed Combat | 2 3 4 5 |  5.0
Dodging        | 2 |  2.5
Shapeshifting  | 3 4 6 |  6.5
Armour         | 1 2 3 |  3.8
Fighting       | 3 4 |  4.3

Action                     |  1- 3 |  4- 6 |  7- 9 || total
---------------------------+-------+-------+-------++-------
  Melee: Unarmed           |   114 |   222 |   127 ||   463
         Punch             |       |     6 |     5 ||    11
         Constrict         |       |       |     8 ||     8
  Throw: Javelin           |    11 |     4 |       ||    15
    Use: Potion            |       |     2 |       ||     2
         Scroll            |       |     3 |       ||     3
 Armour: Chain mail        |    74 |    98 |       ||   172
         Animal skin       |     2 |       |       ||     2
         Crystal plate arm |       |    25 |    88 ||   113
         Skin              |       |       |     6 ||     6
  Dodge: Dodged            |    88 |    89 |    23 ||   200
  Block: Other             |       |       |    22 ||    22
   Form: Beast             |     2 |       |     1 ||     3
                           |     2 |       |       ||     2
         Anaconda          |       |       |     2 ||     2

Table legend: (Time is in decaauts)
 A = Elapsed time spent in this place.
 B = Non-inter-level travel time spent in this place.
 C = Inter-level travel time spent in this place.
 D = Time resting spent in this place.
 E = Time spent auto-exploring this place.
 F = Levels seen in this place.
 G = Mean time per level.
                   A        B        C        D        E       F      G
               +--------+--------+--------+--------+--------+-----+--------+
         Total |   5487 |   5210 |    277 |      0 |   3935 |   7 |  783.9 |
       Dungeon |   5487 |   5210 |    277 |      0 |   3935 |   7 |  783.9 |
               +--------+--------+--------+--------+--------+-----+--------+

Top non-repeatable levels by time:
     D:4: 1421 daAuts
     D:3: 1024 daAuts
     D:1: 985 daAuts
     D:5: 947 daAuts
     D:2: 562 daAuts
     D:6: 479 daAuts
     D:7: 67 daAuts
